 Dungeon Crawl Stone Soup version 0.31.0-12-g77e489cdc1 (webtiles) character file.

Game seed: 5624722905524200013

16 ChrisAssaf the Firebug (level 2, -2/22 HPs)
             Began as a Draconian Fire Elementalist on Feb 18, 2024.
             Frozen to death by an endoplasm (5 damage)
             ... on level 1 of the Dungeon.
             The game lasted 00:01:10 (144 turns).

ChrisAssaf the Firebug (Draconian Fire Elementalist) Turns: 144, Time: 00:01:11

Health: -2/22      AC:  4    Str: 10    XL:     2   Next: 41%
Magic:  2/5        EV: 12    Int: 15    God:
Gold:   37         SH:  0    Dex: 11    Spells: 4/5 levels left

rFire   . . .        (no weapon)
rCold   . . .        (no shield)
rNeg    . . .        (body armour unavailable)
rPois   .            (helmet restricted)
rElec   .            (no cloak)
rCorr   .            (no gloves)
SInv    .            (no boots)
Will    .....        (no amulet)
Stlth   ++           (no ring)
HPRegen 0.23/turn    (no ring)
MPRegen 0.09/turn

%: no passive effects
@: slowed, very slow
A: AC +4, unfitting armour, cold-blooded
a: no special abilities


You were on level 1 of the Dungeon.
You visited 1 branch of the dungeon, and saw 1 of its levels.

You collected 37 gold pieces.

Inventory:

Scrolls
 c - a scroll of fog {unknown}
Potions
 b - a potion of might {unknown}


   Skills:
 * Level 0.4 Fighting
 * Level 2.0 Dodging
 * Level 1.9 Stealth
 * Level 2.1 Spellcasting
 * Level 1.1 Conjurations
 * Level 3.3 Fire Magic


You had 4 spell levels left.
You knew the following spells:

 Your Spells              Type           Power      Damage    Failure   Level
a - Foxfire               Conj/Fire      32%        2x1d5     9%          1

Your spell library contained the following spells:

 Spells                   Type           Power      Damage    Failure   Level
 Scorch                   Fire           22%        2d5       9%          2
 Inner Flame              Hex/Fire       6%         N/A       32%         3
 Volatile Blastmotes      Fire/Tloc      12%        2d11      32%         3
 Flame Wave               Conj/Fire      8%         2d5       65%         4


Dungeon Overview and Level Annotations

Branches:
Dungeon (1/15)

Altars:


Innate Abilities, Weirdness & Mutations

Your plain brown scales are hard. (AC +4)
You cannot fit into any form of body armour.
You are cold-blooded and may be slowed by cold attacks.


Message History

Casting: Foxfire (safe; 10% risk of failure)
Press: ? - help, Q - select action Dir - look around, f - activate You conjure some foxfire!
The gnoll misses you. The endoplasm closely misses you.
The foxfire hits the gnoll.
The gnoll is heavily wounded.
The foxfire hits the gnoll.
The gnoll is almost dead.
The gnoll closely misses you.
The endoplasm attacks as it pursues you!
The endoplasm barely misses you.
Casting: Foxfire (safe; 10% risk of failure)
Press: ? - help, Q - select action Dir - look around, f - activate You conjure some foxfire!
The gnoll hits you with a +0 flail. The endoplasm freezes you.
You are frozen.
* * * LOW HITPOINT WARNING * * *
You feel yourself slow down.
The foxfire hits the gnoll.
You kill the gnoll!
The foxfire hits the endoplasm.
The endoplasm is severely wounded.
The endoplasm closely misses you.
Your Dodging skill increases to level 2!
You have reached level 2!
Casting: Foxfire (safe; 9% risk of failure)
Press: ? - help, Q - select action Dir - look around, f - activate You conjure some foxfire!
The endoplasm barely misses you.
Your magical contamination has completely faded away.
The foxfire hits the endoplasm but does no damage.
The endoplasm is severely wounded.
The foxfire hits the endoplasm.
The endoplasm is almost dead.
The endoplasm attacks as it pursues you!
The endoplasm misses you. The endoplasm freezes you.
You are frozen.
You die...

.#####.........#..###.##
#...........###.. #
###8..........#.# .#
+.........#...## ..
#8........###..#.##.
..........)..........
#.......#...†#:......#
....#......J#...#.....#
........###@#.........#
..#.........#......#
...................
##.............>...
#.#........##.....
#.................
...##########.#.## .#.
... #


You could see an endoplasm.

Vanquished Creatures
  A gnoll (D:1)
  An endoplasm (D:1)
  A quokka (D:1)
  2 ball pythons (D:1)
  A bat (D:1)
  A frilled lizard (D:1)
  2 rats (D:1)
9 creatures vanquished.

Vanquished Creatures (others)
  21 foxfires (D:1)
21 creatures vanquished.

Grand Total: 30 creatures vanquished

Notes
Turn   | Place    | Note
-------+----------+-------------------------------------------
     0 | D:1      | ChrisAssaf the Draconian Fire Elementalist began the quest
                  | for the Orb.
     0 | D:1      | Reached XP level 1. HP: 14/14 MP: 3/3
   143 | D:1      | Reached XP level 2. HP: 2/22 MP: 3/5
   144 | D:1      | Frozen to death by an endoplasm

Illustrated notes

Levels and vault maps discovered:
D:1:      ldierk_walled_garden, layout_rooms, serial_shops,
          nicolae_shop_peninsula, dreamdust_ecumenical_altar_angels_and_demons

Skill      XL: |  1 |
---------------+----+-----
Dodging        | 2 |  2.0
Fighting       | |  0.4
Stealth        | |  1.9
Spellcasting   | |  2.1
Conjurations   | |  1.1
Fire Magic     | |  3.3

Action                     || total
---------------------------++-------
   Cast: Foxfire           ||    12
    Use: Potion            ||     1
 Armour: Skin              ||    13
  Dodge: Dodged            ||    41
